 Dungeon Crawl Stone Soup version 0.29-a0-41-g89e12c0570 (webtiles) character file.

Game seed: 234831987634334138

1091 Dulis131 the Poker (level 8, -1/91 HPs)
             Began as a Demonspawn Berserker on Feb 2, 2022.
             Was a Priest of Trog.
             Slain by kelmiir's ghost (4 damage)
             ... on level 5 of the Dungeon.
             The game lasted 00:10:06 (3936 turns).

Dulis131 the Poker (Demonspawn Berserker)           Turns: 3936, Time: 00:10:06

Health: -1/91      AC: 12    Str: 20    XL:     8   Next: 9%
Magic:  2/2        EV:  8    Int:  9    God:    Trog [***...]
Gold:   199        SH:  0    Dex: 12    Spells: 7/7 levels left

rFire   . . .      SeeInvis .   l - +3 scythe (antimagic)
rCold   . . .      Faith    .   (shield currently unavailable)
rNeg    . . .      Spirit   .   u - +2 chain mail {rPois}
rPois   +          Reflect  .   (helmet restricted)
rElec   .          Harm     .   g - +0 cloak
rCorr   .          Rampage  .   (no gloves)
Will    .....                   (no boots)
Stlth   ..........              v - amulet of the acrobat
HPRegen 0.25/turn               r - ring of flight
MPRegen 0.08/turn               (no ring)

@: berserking, flying, very quick
A: claws 1, horns 1, powered by death 1, spiny 2
a: Renounce Religion, Berserk, Trog's Hand


You were on level 5 of the Dungeon.
You worshipped Trog.
Trog was most pleased with you.
You visited 1 branch of the dungeon, and saw 5 of its levels.

You collected 199 gold pieces.

Inventory:

Hand Weapons
 l - a +3 antimagic scythe (weapon)
 x - a +3 quarterstaff
 A - a +0 hand crossbow
Missiles
 a - 92 arrows
 f - 6 javelins (quivered)
 j - 18 bolts
 t - 3 boomerangs
 y - 6 silver boomerangs
Armour
 g - a +0 cloak (worn)
 u - a +2 chain mail of poison resistance (worn)
Jewellery
 r - a ring of flight (left claw)
 v - an amulet of the acrobat (around neck)
 B - an amulet of reflection
Wands
 s - a wand of flame (17)
 w - a wand of digging (8)
Scrolls
 b - a scroll of summoning {unknown}
 d - a scroll of noise {unknown}
 e - 3 scrolls of blinking {unknown}
 i - 2 scrolls of fear {unknown}
 k - 4 scrolls of identify {unknown}
 m - 3 scrolls of teleportation {unknown}
 p - a scroll of brand weapon {unknown}
 q - 2 scrolls of magic mapping {unknown}
 z - a scroll of silence {unknown}
Potions
 c - a potion of resistance {unknown}
 h - 3 potions of might {unknown}
 n - a potion of heal wounds {unknown}
 o - 2 potions of degeneration {unknown}


   Skills:
 + Level 4.9 Fighting
 + Level 6.8 Polearms
 + Level 4.2 Armour
 + Level 2.7 Dodging
 + Level 1.4 Stealth


You had 7 spell levels left.
You didn't know any spells.
Your spell library was empty.

Dungeon Overview and Level Annotations

Branches:
Dungeon (5/15)
 Temple: D:4-7

Altars:
Cheibriados
Sif Muna
Uskayaw
Wu Jian

Annotations:
D:5 1 transporter, kelmiir's ghost, amateur GnIE


Innate Abilities, Weirdness & Mutations

You have sharp fingernails.
You have a pair of small horns on your head.
You regenerate a little health from kills.
You are mostly covered in sharp spines.


Message History

Your Armour skill increases to level 4!
You are too berserk!
You completely miss the killer bee. Your headbutt misses the killer bee.
The killer bee is severely wounded.
The killer bee stings you but does no damage.
The killer bee is struck by your spines.
You kill the killer bee!
Trog accepts your kill.
The killer bee stings you but does no damage. x2
Kelmiir's ghost hits you but does no damage.
The killer bee is struck by your spines.
You kill the killer bee!
Trog accepts your kill.
The killer bee is struck by your spines.
The killer bee closely misses you.
Kelmiir's ghost hits you but does no damage.
You have reached level 8!
You feel clever. The killer bee stings you.
* * * LOW HITPOINT WARNING * * *
Unknown command.
You feel a strong urge to attack something.
The killer bee is struck by your spines.
The killer bee stings you but does no damage.
Kelmiir's ghost is struck by your spines.
Kelmiir's ghost closely misses you.
There is a transporter landing site here.
You slash the killer bee!
You kill the killer bee!
Trog accepts your kill. Kelmiir's ghost freezes you.
You are frozen.
* * * LOW HITPOINT WARNING * * *
You can't go down here!
You can't go up here!
You barely miss kelmiir's ghost. You headbutt kelmiir's ghost!
Kelmiir's ghost is moderately damaged.
Kelmiir's ghost is struck by your spines.
Kelmiir's ghost hits you.
You die...

#$)©:.#####..#.
..[#...#.#.###.#.# #
..#..###..#..##.#...### .
# ..# .#..!###.##....< .
### ..#####...#.#### #. ##
#.# .#...###.....#.. #.
#..#..###..#..##.......#
#.#
#...#...#...###........
#..## #.W@†.#####......)..
#.[#############.........#
#.......©................
########..#.###.........:
#..#............#.
##.#####..........
#...<............
###########...... ##.....


You could see kelmiir's ghost.

Vanquished Creatures
  Sigmund (D:2)
  Menkaure (D:4)
  A phantom (D:4)
  Blork the orc (D:4)
  A scorpion (D:4)
  7 killer bees (D:5)
  An orc priest (D:5)
  A hound (D:5)
  Jessica (D:3)
  Natasha (twice) (D:3)
  Terence (D:3)
  A hound skeleton (D:4)
  8 adders
  2 worms
  2 dart slugs
  4 orcs
  3 bats
  6 endoplasms
  3 giant cockroaches
  4 goblins
  3 hobgoblins
  5 kobolds
  4 quokkas
  10 ball pythons
  5 frilled lizards
  5 rats
83 creatures vanquished.

Notes
Turn   | Place    | Note
-------+----------+-------------------------------------------
     0 | D:1      | Dulis131 the Demonspawn Berserker began the quest for the
                  | Orb.
     0 | D:1      | Reached XP level 1. HP: 18/18 MP: 1/1
   570 | D:1      | Gained mutation: You are partially covered in sharp spines.
                  | [demonic ancestry]
   570 | D:1      | Reached XP level 2. HP: 20/24 MP: 2/2
  1079 | D:2      | Reached skill level 3 in Polearms
  1132 | D:2      | Discovered your monstrous ancestry.
  1132 | D:2      | Gained mutation: You have sharp fingernails. [demonic
                  | ancestry]
  1132 | D:2      | Reached XP level 3. HP: 29/29 MP: 3/3
  1314 | D:2      | Noticed Sigmund
  1325 | D:2      | HP: 2/43 [Sigmund (8)]
  1327 | D:2      | Killed Sigmund
  1328 | D:2      | Reached skill level 4 in Polearms
  1328 | D:2      | Reached skill level 1 in Stealth
  1328 | D:2      | Reached XP level 4. HP: 3/37 MP: 0/4
  1328 | D:2      | Gained mutation: You regenerate a little health from kills.
                  | [demonic ancestry]
  1328 | D:2      | Reached XP level 5. HP: 4/42 MP: 0/5
  1612 | D:2      | Found a faded altar of an unknown god.
  2248 | D:3      | Found a shimmering blue altar of Sif Muna.
  2259 | D:3      | Noticed Natasha
  2263 | D:3      | Killed Natasha
  2263 | D:3      | Reached ** piety under Trog
  2350 | D:3      | Gained mutation: You have a pair of small horns on your
                  | head. [demonic ancestry]
  2350 | D:3      | Reached XP level 6. HP: 48/48 MP: 2/6
  2469 | D:3      | Noticed Jessica
  2473 | D:3      | Killed Jessica
  2532 | D:3      | Found a large runed translucent door.
  2533 | D:3      | Found a large runed translucent door.
  2533 | D:3      | Noticed Terence
  2542 | D:3      | Killed Terence
  2543 | D:3      | Reached skill level 5 in Polearms
  2844 | D:3      | Found an ornate altar of the Wu Jian Council.
  3034 | D:3      | Found a snail-covered altar of Cheibriados.
  3041 | D:3      | Noticed Natasha
  3043 | D:3      | Found a hide-covered altar of Uskayaw.
  3051 | D:3      | Killed Natasha
  3111 | D:4      | Noticed Blork the orc
  3121 | D:4      | Killed Blork the orc
  3417 | D:4      | Gained mutation: You are mostly covered in sharp spines.
                  | [demonic ancestry]
  3417 | D:4      | Reached XP level 7. HP: 55/55 MP: 2/7
  3497 | D:4      | Noticed Menkaure
  3502 | D:4      | Killed Menkaure
  3503 | D:4      | Reached skill level 6 in Polearms
  3831 | D:5      | Entered Level 5 of the Dungeon
  3834 | D:5      | Reached *** piety under Trog
  3884 | D:5      | Noticed kelmiir's ghost (amateur GnIE)
  3920 | D:5      | Found a transporter.
  3924 | D:5      | Found a transporter.
  3931 | D:5      | HP: 3/82 [killer bee (2)]
  3933 | D:5      | Reached XP level 8. HP: 6/61 MP: 2/8
  3933 | D:5      | HP: 1/91 [killer bee (5)]
  3936 | D:5      | Slain by kelmiir's ghost

Illustrated notes

Levels and vault maps discovered:
D:1:      lemuel_arrival_behind_the_door_small, layout_loops_corners
D:2:      layout_basic, basic_ecumenical_altar, minmay_pentomino_q2,
          uniq_sigmund
D:3:      layout_basic, jmf_multi_god_temple2, minitemple, serial_corexii_hall,
          corexii_hall_statues_x, corexii_hall_statues_deadend,
          minmay_misc_feat_columns, uniq_jessica, uniq_terence, uniq_natasha
D:4:      layout_rooms, minmay_fractal_squares_gapless_5, uniq_blork_the_orc,
          uniq_menkaure
D:5:      layout_loops_ring, gammafunk_ghost_hive

Skill      XL: |  1  2  3  4  5  6  7 |
---------------+----------------------+-----
Armour         | 2 3 4 |  4.2
Polearms       | 3 4 5 6 |  6.8
Dodging        | 2 |  2.7
Fighting       | 4 |  4.9
Stealth        | 1 |  1.4

Action                   |  1- 3 |  4- 6 |  7- 9 || total
-------------------------+-------+-------+-------++-------
Melee: Spear             |    77 |       |       ||    77
       Scythe            |       |    77 |    31 ||   108
       Headbutt          |       |     5 |     3 ||     8
Invok: Berserk           |     1 |     1 |     1 ||     3
 Stab: Sleeping          |     1 |     1 |       ||     2
Armor: Leather armour    |    12 |     2 |       ||    14
       Ring mail         |       |     6 |       ||     6
       Chain mail        |       |    27 |    21 ||    48
Dodge: Dodged            |    19 |    34 |    16 ||    69

Table legend: (Time is in decaauts)
 A = Elapsed time spent in this place.
 B = Non-inter-level travel time spent in this place.
 C = Inter-level travel time spent in this place.
 D = Time resting spent in this place.
 E = Time spent auto-exploring this place.
 F = Levels seen in this place.
 G = Mean time per level.
                   A        B        C        D        E       F      G
               +--------+--------+--------+--------+--------+-----+--------+
         Total |   4030 |   3908 |    122 |    437 |   2751 |   5 |  806.0 |
       Dungeon |   4030 |   3908 |    122 |    437 |   2751 |   5 |  806.0 |
               +--------+--------+--------+--------+--------+-----+--------+

Top non-repeatable levels by time:
     D:1: 1073 daAuts
     D:2: 1070 daAuts
     D:3: 1001 daAuts
     D:4: 776 daAuts
     D:5: 109 daAuts
